 Dungeon Crawl Stone Soup version 0.31-a0-795-g5eb97db20b (webtiles) character file.

Game seed: 16551328116768616855

935 ryw the Cutter (level 8, 0/62 HPs)
             Began as a Human Fighter on Sept 18, 2023.
             Slain by an ice beast (12 damage)
             ... on level 5 of the Dungeon.
             The game lasted 00:08:54 (3885 turns).

ryw the Cutter (Human Fighter)                      Turns: 3885, Time: 00:08:54

Health: 0/62       AC:  4    Str: 17    XL:     8   Next: 33%
Magic:  8/8        EV: 10    Int:  9    God:
Gold:   253        SH:  5    Dex: 14    Spells: 7/7 levels left

rFire   . . .        f - +4 dagger of Cushrog {venom, rElec}
rCold   . . .        c - +0 buckler
rNeg    . . .        b - +0 scale mail
rPois   .            k - +1 helmet
rElec   +            (no cloak)
rCorr   .            (no gloves)
SInv    .            (no boots)
Will    .....        (no amulet)
Stlth   +            (no ring)
HPRegen 0.30/turn    (no ring)
MPRegen 0.11/turn

%: no passive effects
@: corroded
A: no striking features
a: no special abilities


You were on level 5 of the Dungeon.
You visited 1 branch of the dungeon, and saw 5 of its levels.

You collected 253 gold pieces.

Inventory:

Hand Weapons
 f - the +4 dagger of Cushrog (weapon) {venom, rElec}
   (You found it on level 3 of the Dungeon)

   rElec:     It insulates you from electricity.
Missiles
 e - 3 poisoned darts (quivered)
Armour
 b - a +0 scale mail (worn)
 c - a +0 buckler (worn)
 k - a +1 helmet (worn)
Jewellery
 i - an amulet of guardian spirit
Wands
 l - a wand of charming (11)
Scrolls
 g - 2 scrolls of poison
Potions
 a - a potion of heal wounds
 d - 3 potions of might
 j - 2 potions of curing
 m - 2 potions of brilliance
 n - a potion of haste
 o - a potion of resistance {unknown}


   Skills:
 - Level 5.0 Fighting
 * Level 5.3(5.7) Short Blades
 - Level 3.0(4.6) Long Blades
 - Level 3.0 Armour
 + Level 3.5 Dodging
 + Level 3.8 Stealth
 - Level 3.0 Shields


You had 7 spell levels left.
You didn't know any spells.
Your spell library contained the following spells:

 Spells                   Type           Power      Damage    Failure   Level
 Freeze                   Ice            0%         1d3       86%         1
 Sting                    Tmut/Pois      0%         1d3       86%         1
 Ensorcelled Hibernation  Hex/Ice        0%         N/A       95%         2
 Jinxbite                 Hex            0%         N/A       95%         2
 Lesser Beckoning         Tloc           0%         N/A       95%         2
 Poisonous Vapours        Pois/Air       0%         N/A       95%         2
 Frozen Ramparts          Ice            0%         1d1       99%         3
 Gell's Gravitas          Tloc           0%         N/A       99%         3
 Hailstorm                Conj/Ice       0%         3d3       99%         3
 Mephitic Cloud           Conj/Pois/Air  0%         N/A       99%         3
 Teleport Other           Tloc           0%         N/A       99%         3
 Anguish                  Hex/Necr       0%         N/A       100%        4
 Olgreb's Toxic Radiance  Pois           0%         N/A       100%        4
 Freezing Cloud           Conj/Ice/Air   0%         6-21      100%        5


Dungeon Overview and Level Annotations

Branches:
Dungeon (5/15)
 Temple: D:4-7

Altars:
Sif Muna


Message History

The orc attacks as it pursues you! You block the orc's attack.
You see here a quokka corpse.
The orc attacks as it pursues you! The orc hits you but does no damage.
You hear the brisk hiss of a very distant avalanche of sand.
An orc comes into view.
It is wielding a +1 whip of electrocution.
The orc attacks as it pursues you! You block the orc's attack.
The orc shouts!
The orc hits you but does no damage.
You barely miss the orc. The orc hits you but does no damage.
You barely miss the orc. You block the orc's attack.
The orc completely misses you.
You barely miss the orc. You hit the orc.
The orc is poisoned.
The orc is severely wounded.
The orc hits you with a +1 whip of electrocution.
You hit the orc.
You kill the orc!
You block the orc's attack. The orc hits you with a +0 falchion.
You block the orc's attack. The orc attacks as it pursues you!
The orc closely misses you.
Things that are here:
a +1 whip of electrocution; a +0 leather armour The jelly quivers.
The orc attacks as it pursues you! The orc hits you with a +0 club.
The orc attacks as it pursues you! The orc hits you with a +0 club.
An ice beast comes into view.
The jelly jiggles.
The jelly hits you but does no damage. The orc attacks as it pursues you!
The orc hits you with a +0 club. The jelly attacks as it pursues you!
The jelly hits you. The acid corrodes you!
You are splashed with acid!
* * * LOW HITPOINT WARNING * * *
The jelly attacks as it pursues you! The jelly completely misses you.
The orc attacks as it pursues you! The orc hits you but does no damage.
The jelly attacks as it pursues you! The jelly barely misses you.
The ice beast attacks as it pursues you!
The ice beast hits you.
* * * LOW HITPOINT WARNING * * *
The ice beast freezes you!
You die...

##........## #.....#
##........z.## #.##..#
#.........o..####.#...###
#.......................#
...................##..#.....#
$...#..........o.####.##.....#
..............J....##.##.....#
J##...##....###o.............#
..... .#....<@Y....... ...#
.....# .##.#).##........ ...#
....##..................
.l.#####.#.........#
#.#.#.....) #.# #..%... ...
.##### ..# ## ##


You could see an ice beast, a wight and 3 orcs.

Vanquished Creatures
  Edmund (D:4)
  2 black bears (D:4)
  An ogre (D:5)
  2 scorpions
  2 wights (D:5)
  A jelly (D:4)
  2 hounds
  3 iguanas (D:4)
  4 gnolls (D:4)
  3 adders
  An ufetubus (D:4)
  3 worms
  14 orcs
  4 endoplasms
  2 giant cockroaches
  2 hobgoblins
  4 jackals
  10 kobolds
  2 quokkas
  6 ball pythons
  3 bats
  2 frilled lizards (D:2)
  7 goblins
  6 rats
87 creatures vanquished.

Notes
Turn   | Place    | Note
-------+----------+-------------------------------------------
     0 | D:1      | ryw the Human Fighter began the quest for the Orb.
     0 | D:1      | Reached XP level 1. HP: 18/18 MP: 1/1
   277 | D:1      | Reached XP level 2. HP: 24/24 MP: 2/2
  1091 | D:1      | Reached XP level 3. HP: 21/29 MP: 3/3
  1821 | D:3      | Reached XP level 4. HP: 32/37 MP: 4/4
  1849 | D:3      | Identified the +4 dagger of Cushrog {venom, rElec}
  2444 | D:4      | Reached skill level 1 in Short Blades
  2459 | D:4      | Noticed Edmund
  2475 | D:4      | Killed Edmund
  2476 | D:4      | Reached skill level 1 in Dodging
  2476 | D:4      | Reached skill level 1 in Stealth
  2476 | D:4      | Reached XP level 5. HP: 40/43 MP: 5/5
  2476 | D:4      | Reached XP level 6. HP: 46/49 MP: 6/6
  2808 | D:4      | Noticed a black bear
  2826 | D:4      | Killed a black bear
  2838 | D:4      | Reached XP level 7. HP: 49/55 MP: 7/7
  3019 | D:4      | Reached skill level 5 in Fighting
  3483 | D:5      | Entered Level 5 of the Dungeon
  3492 | D:5      | Reached XP level 8. HP: 25/62 MP: 8/8
  3781 | D:5      | Found a shimmering blue altar of Sif Muna.
  3835 | D:5      | Reached skill level 5 in Short Blades
  3885 | D:5      | Slain by an ice beast

Illustrated notes

Levels and vault maps discovered:
D:1:      erik_arrival_blinker_ship, layout_basic
D:2:      layout_rooms
D:3:      layout_rooms, kennysheep_generic_room_6
D:4:      layout_basic, uniq_edmund
D:5:      layout_rooms, mainiacjoe_overflow_chevrons,
          chequers_ossuary_entry_cave

Skill      XL: |  1  2  3  4  5  6  7  8 |
---------------+-------------------------+-----
Long Blades    | 3 |  3.0
Fighting       | 4 5 |  5.0
Short Blades   | 2 3 4 5 |  5.3
Dodging        | 1 2 3 |  3.5
Stealth        | 1 2 3 |  3.8
Armour         | |  3.0
Shields        | |  3.0

Action                     |  1- 3 |  4- 6 |  7- 9 || total
---------------------------+-------+-------+-------++-------
  Melee: Long sword        |     9 |       |       ||     9
         Short sword       |    86 |     8 |       ||    94
         Dagger            |       |    84 |   105 ||   189
  Throw: Dart              |       |     7 |     2 ||     9
    Use: Scroll            |     4 |     2 |     3 ||     9
 Armour: Scale mail        |    50 |    79 |    55 ||   184
  Dodge: Dodged            |    34 |    44 |    41 ||   119
  Block: Buckler           |    12 |    25 |    20 ||    57

Table legend: (Time is in decaauts)
 A = Elapsed time spent in this place.
 B = Non-inter-level travel time spent in this place.
 C = Inter-level travel time spent in this place.
 D = Time resting spent in this place.
 E = Time spent auto-exploring this place.
 F = Levels seen in this place.
 G = Mean time per level.
                   A        B        C        D        E       F      G
               +--------+--------+--------+--------+--------+-----+--------+
         Total |   3858 |   3730 |    128 |    740 |   2211 |   5 |  771.6 |
       Dungeon |   3858 |   3730 |    128 |    740 |   2211 |   5 |  771.6 |
               +--------+--------+--------+--------+--------+-----+--------+

Top non-repeatable levels by time:
     D:4: 1189 daAuts
     D:1: 1064 daAuts
     D:3: 880 daAuts
     D:2: 544 daAuts
     D:5: 180 daAuts
